 Dungeon Crawl Stone Soup version 0.21.1-1-g345015f (webtiles) character file.

8076 kae the Basher (level 11, -3/97 HPs)
             Began as a Minotaur Fighter on June 17, 2018.
             Was a Priest of Makhleb.
             Engulfed by a fire crab (shapeshifter)'s flame (15 damage)
             ... on level 10 of the Dungeon.
             The game lasted 00:08:19 (8983 turns).

kae the Basher (Minotaur Fighter)                   Turns: 8983, Time: 00:08:20

Health: -3/97      AC: 14    Str: 23    XL:     11   Next: 5%
Magic:  14/14      EV: 14    Int:  9    God:    Makhleb [***...]
Gold:   349        SH:  0    Dex: 10    Spells: 10/10 levels left

rFire    . . .     SeeInvis +   d - +2 great mace (protect)
rCold    + . .     Gourm    .   (shield currently unavailable)
rNeg     . . .     Faith    .   z - +0 ring mail of Restlessness {*Contam rC+ Int+3} (curse)
rPois    .         Spirit   .   (helmet restricted)
rElec    .         Reflect  .   (no cloak)
rCorr    .         Harm     .   (no gloves)
MR       .....                  (no boots)
Stlth    ..........             m - amulet of magic regeneration
HPRegen  0.26/turn              y - ring of loudness (curse)
MPRegen  0.39/turn              b - ring of see invisible

@: protection aura
A: retaliatory headbutt, horns 2
a: Minor Destruction, Lesser Servant of Makhleb, Renounce Religion


You were on level 10 of the Dungeon.
You worshipped Makhleb.
Makhleb was most pleased with you.
You were hungry.

You visited 2 branches of the dungeon, and saw 11 of its levels.

You collected 624 gold pieces.
You spent 275 gold pieces at shops.

Inventory:

Hand Weapons
 a - a +1 flail
 d - a +2 great mace of protection (weapon)
Armour
 c - a +0 shield
 e - a +1 scale mail of poison resistance
 z - the cursed +0 ring mail of Restlessness (worn) {*Contam rC+ Int+3}
   (You found it on level 9 of the Dungeon)

   It affects your intelligence (+3).
   It protects you from cold.
   It causes magical contamination when unequipped.
   It has a curse placed upon it.
Jewellery
 b - a ring of see invisible (right hand)
 m - an amulet of magic regeneration (around neck)
 t - an uncursed ring of protection from cold
 y - a cursed ring of loudness (left hand)
Wands
 i - a wand of digging (10)
 l - a wand of flame (18)
 q - a wand of acid (10)
 r - a wand of random effects (29)
 s - a wand of polymorph (43)
 C - a wand of paralysis (15)
 G - a wand of scattershot (6)
Scrolls
 h - 6 scrolls of remove curse
 o - 3 scrolls of enchant weapon
 p - 2 scrolls of teleportation
 v - 2 scrolls of enchant armour
 D - 2 scrolls of fear
Potions
 g - 4 potions of heal wounds
 j - a potion of haste
 k - 2 potions of curing
 n - 2 potions of magic
 u - 2 potions of might
 w - a potion of mutation {unknown}
 x - a potion of brilliance
 A - a potion of invisibility
 B - a potion of agility {unknown}
Books
 E - a book of Conjurations

   Spells                             Type                      Level
   a - Magic Dart                     Conjuration                  1
   b - Searing Ray                    Conjuration                  2
   c - Dazzling Spray                 Conjuration/Hexes            3
   d - Fulminant Prism                Conjuration/Hexes            4
   e - Force Lance                    Conjuration/Translocation    4
   f - Iskenderun's Mystic Blast      Conjuration                  4
Comestibles
 f - 12 rations


   Skills:
 + Level 9.4 Fighting
 * Level 12.1 Maces & Flails
 + Level 9.5 Armour
 + Level 7.7 Dodging
 - Level 3.6 Shields
 * Level 5.6 Invocations


You had 10 spell levels left.
You didn't know any spells.

Dungeon Overview and Level Annotations

Branches:
Dungeon (10/15)            Temple (1/1) D:5            Lair (0/6) D:8
    Orc: D:9-12

Altars:
Ashenzari
Cheibriados
Dithmenos
Elyvilon
Fedhas
Gozag
Hepliaklqana
Kikubaaqudgha
Makhleb
Nemelex Xobeh
Okawaru
Qazlal
Ru
Sif Muna
Trog
Uskayaw
Vehumet
Wu Jian
Xom
Yredelemnul
Zin
The Shining One

Shops:
D:6 (


Innate Abilities, Weirdness & Mutations

You reflexively headbutt those who attack you in melee.
You have a pair of horns on your head.


Message History

* * * LOW HITPOINT WARNING * * *
The troll closely misses you. The troll claws you.
* * * LOW HITPOINT WARNING * * *
The troll bites you but does no damage. The troll barely misses you.
The troll claws you but does no damage.
A troll comes into view.
You bludgeon the troll!!
You kill the troll!
Makhleb accepts your kill. The fire crab breathes flames at you.
The blast of flame engulfs the sky beast.
The sky beast is engulfed in blazing flames.
The sky beast hits you.
* * * LOW HITPOINT WARNING * * *
The sky beast shocks you.
* * * LOW HITPOINT WARNING * * *
You barely miss the sky beast.
The sky beast is almost dead.
You are engulfed in blazing flames.
You die...

.... ....### ..
.....# #####.. .
#.#.####.........
##........#.......
##........#..#.....
###..§§........#>....
#....§§§§§......#....
.#...#@#........# #.
#Y#........#
##§##.......#
#n#t#.......#
##...##......#
#.#.#T#......##
#..n..##......#
#?#(#.#)#....(.##
#.......##.....[#


You could see a fire crab, a troll, a sky beast (invisible) and a necrophage.

Vanquished Creatures
  Erica (D:8)
  2 two-headed ogres (D:8)
  An unseen horror (D:10)
  Pikel (D:9)
  A centaur zombie (D:10)
  Joseph (D:8)
  A troll (D:10)
  Prince Ribbit (D:6)
  A hippogriff (D:7)
  Sigmund (D:3)
  A wyvern (D:9)
  Menkaure (D:6)
  Edmund (D:5)
  4 sky beasts
  2 orc warriors
  An ice beast (D:9)
  4 ogres
  2 phantoms
  An eye of draining (D:7)
  A centaur (D:9)
  6 bullfrogs
  2 scorpions
  5 wights (D:6)
  2 howler monkeys
  2 bullfrog zombies
  3 crimson imps
  5 jellies
  A gnoll shaman (D:4)
  An orc priest (D:9)
  2 bullfrog skeletons
  5 hounds
  A centaur skeleton (D:9)
  3 iguanas
  Terence (D:2)
  3 orc wizards
  5 worker ants
  A hound zombie (D:6)
  A hound skeleton (D:7)
  Robin (D:4)
  15 gnolls
  9 adders
  3 shadow imps
  3 oozes
  An adder skeleton (D:3)
  A worm (D:3)
  4 dart slugs
  7 leopard geckos
  16 orcs
  5 bats
  3 giant cockroaches
  13 hobgoblins
  17 jackals
  4 quokkas
  4 frilled lizards
  16 goblins
  11 kobolds
  A leopard gecko zombie (D:6)
  A quokka skeleton (D:4)
  A quokka zombie (D:7)
  9 rats
223 creatures vanquished.

Vanquished Creatures (others)
  A slave (D:9)
  A sky beast (D:9)
  A big kobold (D:9)
  A scorpion (D:9)
  A jackal skeleton (D:7)
5 creatures vanquished.

Grand Total: 228 creatures vanquished

Notes
Turn   | Place    | Note
-------+----------+-------------------------------------------
     0 | D:1      | kae the Minotaur Fighter began the quest for the Orb.
     0 | D:1      | Reached XP level 1. HP: 19/19 MP: 0/0
   257 | D:1      | Reached XP level 2. HP: 26/27 MP: 1/1
   284 | D:1      | Reached skill level 3 in Maces & Flails
   399 | D:1      | Reached skill level 1 in Dodging
   475 | D:1      | Reached XP level 3. HP: 33/33 MP: 2/2
  1071 | D:2      | Noticed Terence
  1078 | D:2      | Killed Terence
  1078 | D:2      | Reached XP level 4. HP: 36/40 MP: 3/3
  1429 | D:2      | Reached skill level 4 in Maces & Flails
  2085 | D:3      | Reached XP level 5. HP: 47/47 MP: 4/4
  2256 | D:3      | Noticed Sigmund
  2272 | D:3      | Killed Sigmund
  2272 | D:3      | Reached skill level 5 in Maces & Flails
  2272 | D:3      | Reached skill level 5 in Armour
  2272 | D:3      | Reached XP level 6. HP: 27/55 MP: 5/5
  2823 | D:4      | Noticed Robin
  2823 | D:4      | Reached skill level 5 in Fighting
  2837 | D:4      | Killed Robin
  2991 | D:4      | Reached skill level 6 in Maces & Flails
  2991 | D:4      | Reached XP level 7. HP: 25/61 MP: 6/6
  3893 | D:4      | Found a deep blue altar of Sif Muna.
  3895 | D:4      | Found a hazy altar of Hepliaklqana.
  3895 | D:4      | Found a shimmering altar of Xom.
  3897 | D:4      | Found an iron altar of Okawaru.
  3897 | D:4      | Found a stormy altar of Qazlal.
  3897 | D:4      | Found a snail-covered altar of Cheibriados.
  3955 | D:5      | Entered Level 5 of the Dungeon
  4164 | D:5      | Reached skill level 7 in Maces & Flails
  4175 | D:5      | Found a staircase to the Ecumenical Temple.
  4266 | Temple   | Entered the Ecumenical Temple
  4546 | Temple   | Became a worshipper of Makhleb the Destroyer
  4705 | D:5      | Noticed Edmund
  4795 | D:5      | Reached XP level 8. HP: 40/70 MP: 7/7
  4801 | D:5      | Killed Edmund
  5159 | D:5      | Reached skill level 8 in Maces & Flails
  5490 | D:6      | Reached * piety under Makhleb
  5490 | D:6      | Reached skill level 5 in Dodging
  5498 | D:6      | Found an ancient bone altar of Kikubaaqudgha.
  5573 | D:6      | Found Ocvyamnu's Antique Weapon Boutique.
  5595 | D:6      | Bought a runed great mace for 275 gold pieces
  5727 | D:6      | Noticed Menkaure
  5748 | D:6      | Killed Menkaure
  5748 | D:6      | Reached skill level 9 in Maces & Flails
  5934 | D:7      | Noticed Prince Ribbit
  6101 | D:6      | HP: 2/73 [Prince Ribbit (7)]
  6357 | D:6      | Killed Prince Ribbit
  6357 | D:6      | Reached XP level 9. HP: 79/79 MP: 8/8
  6602 | D:7      | Reached ** piety under Makhleb
  6624 | D:7      | Reached skill level 10 in Maces & Flails
  6630 | D:7      | Found a faded altar of an unknown god.
  6630 | D:7      | Found an iron altar of Okawaru.
  6635 | D:7      | Found a stormy altar of Qazlal.
  6637 | D:7      | Found a sacrificial altar of Ru.
  6641 | D:7      | Found an opulent altar of Gozag.
  6783 | D:8      | Noticed Erica
  6802 | D:8      | Killed Erica
  6816 | D:8      | Noticed a two-headed ogre
  6818 | D:8      | Killed a two-headed ogre
  6818 | D:8      | Reached skill level 11 in Maces & Flails
  6818 | D:8      | Reached XP level 10. HP: 90/90 MP: 9/11
  6970 | D:8      | Found a staircase to the Lair.
  6996 | D:8      | Noticed a two-headed ogre
  7002 | D:8      | Killed a two-headed ogre
  7225 | D:8      | Noticed Joseph
  7820 | D:8      | Killed Joseph
  8172 | D:9      | Noticed Pikel
  8177 | D:9      | Killed Pikel
  8179 | D:9      | Got a faintly glowing ring mail
  8190 | D:9      | Identified the cursed +0 ring mail of Restlessness {*Contam rC+ Int+3} (You found it on level 9 of the Dungeon)
  8393 | D:9      | Reached skill level 5 in Invocations
  8453 | D:9      | Reached *** piety under Makhleb
  8769 | D:10     | Entered Level 10 of the Dungeon
  8801 | D:10     | Reached skill level 12 in Maces & Flails
  8804 | D:10     | Noticed an unseen horror
  8818 | D:10     | Killed an unseen horror
  8818 | D:10     | Reached XP level 11. HP: 60/97 MP: 14/14
  8970 | D:10     | Noticed a tengu warrior
  8971 | D:10     | Noticed a fire crab
  8983 | D:10     | Engulfed by a fire crab (shapeshifter)'s flame

Skill      XL: |  1  2  3  4  5  6  7  8  9 10 |
---------------+-------------------------------+-----
Maces & Flails | 3 4 5 6 7 9 11 12 | 12.1
Dodging        | 1 2 3 4 5 6 7 |  7.7
Fighting       | 4 5 6 7 8 9 |  9.4
Armour         | 4 5 6 7 8 9 |  9.5
Invocations    | 3 5 |  5.6
Shields        | |  3.6

Action                   |  1- 3 |  4- 6 |  7- 9 | 10-12 || total
-------------------------+-------+-------+-------+-------++-------
Melee: Flail             |    97 |   148 |   202 |       ||   447
       Headbutt          |    10 |    20 |    55 |    19 ||   104
       Unarmed           |       |       |    17 |    32 ||    49
       Great mace        |       |       |    93 |   110 ||   203
Evoke: Wand              |       |     5 |     2 |       ||     7
  Use: Scroll            |     6 |     5 |     6 |     2 ||    19
       Potion            |       |       |     4 |       ||     4
  Eat: Chunk             |       |     6 |    14 |     6 ||    26
Armor: Scale mail        |    56 |    44 |   113 |    21 ||   234
       Skin              |       |       |     2 |       ||     2
       Ring mail         |       |       |       |    35 ||    35
Dodge: Dodged            |    27 |    48 |   136 |    99 ||   310
Block: Shield            |    57 |    78 |    88 |       ||   223
